 Dungeon Crawl Stone Soup version 0.21.1-1-g345015f (webtiles) character file.

9 Iko the Magician (level 2, 0/20 HPs)
             Began as a Ghoul Wizard on May 10, 2018.
             Slain by an orc
             ... wielding a +0 dagger
              (1 damage)
             ... on level 3 of the Dungeon.
             The game lasted 00:02:38 (197 turns).

Iko the Magician (Ghoul Wizard)                      Turns: 197, Time: 00:02:39

Health: 0/20       AC:  5    Str: 10    XL:     2   Next: 12%
Magic:  0/5        EV: 10    Int: 13    God:
Gold:   11         SH:  0    Dex:  7    Spells: 6/7 levels left

rFire    . . .     SeeInvis .   a - +0 dagger
rCold    + . .     Gourm    .   (no shield)
rNeg     + + +     Faith    .   e - +0 ring mail
rPois    ∞         Spirit   .   b - +0 hat
rElec    .         Reflect  .   (no cloak)
rCorr    .         Harm     .   (no gloves)
MR       .....                  (no boots)
Stlth    +.........             (no amulet)
HPRegen  0.00/turn              (no ring)
MPRegen  0.09/turn              (no ring)

@: very slightly contaminated, rotting
A: rotting body, claws 1, carnivore, cold resistance 1, negative energy
resistance 3, inhibited regeneration, torment resistance, unbreathing
a: no special abilities


You were on level 3 of the Dungeon.
You were not hungry.

You visited 1 branch of the dungeon, and saw 3 of its levels.

You collected 11 gold pieces.

Inventory:

Hand Weapons
 a - a +0 dagger (weapon)
Armour
 b - a +0 hat (worn)
 e - a +0 ring mail (worn)
Jewellery
 f - an uncursed ring of flight {unknown}
Potions
 g - a potion of curing
Books
 c - a book of Minor Magic

   Spells                             Type                      Level
   a - Magic Dart                     Conjuration                  1
   b - Blink                          Translocation                2
   c - Call Imp                       Summoning                    2
   d - Slow                           Hexes                        2
   e - Conjure Flame                  Conjuration/Fire             3
   f - Mephitic Cloud                 Conjuration/Poison/Air       3
Comestibles
 d - 2 rations


   Skills:
 + Level 1.7 Dodging
 + Level 2.1 Stealth
 + Level 3.1 Spellcasting
 + Level 1.0 Conjurations
   Level 0.8 Summonings
   Level 0.8 Translocations


You had 6 spell levels left.
You knew the following spells:

 Your Spells              Type           Power        Failure   Level  Hunger
a - Magic Dart            Conj           #...         36%         1    #......


Dungeon Overview and Level Annotations

Branches:
Dungeon (3/15)

Altars:


Innate Abilities, Weirdness & Mutations

Your body is rotting away.
You thrive on raw meat.
You are immune to poison.
You have sharp fingernails.
You are carnivorous and can eat meat at any time.
Your flesh is cold resistant. (rC+)
You are immune to negative energy. (rN+++)
You do not regenerate when monsters are visible.
You are immune to unholy pain and torment.
You can survive without breathing.


Message History

* * * LOW HITPOINT WARNING * * *
You hit the orc.
The orc is severely wounded.
The bat hits you but does no damage. The orc barely misses you.
The orc hits you but does no damage. x2
You hit the orc but do no damage.
The orc is severely wounded.
The bat completely misses you. The hobgoblin misses you.
The orc hits you but does no damage. The orc closely misses you. x2
You hit the orc.
You kill the orc!
The bat hits you but does no damage. x2
The hobgoblin hits you but does no damage.
The orc hits you but does no damage. The orc hits you with a dagger.
* * * LOW HITPOINT WARNING * * *
You barely miss the orc. The bat completely misses you.
The hobgoblin barely misses you. The orc hits you with a hand axe.
* * * LOW HITPOINT WARNING * * *
The orc hits you with a dagger.
You die...

#......<............######
#...........####..........
#.............#...........
#.............#...........
+.............#...........
#...........###...........
############# #...........
#o)g........ #.@o........
#........... ..b.....(....
......##....... ........#
....... ........# ......
......... .... .......(.
...


You could see 2 orcs, a hobgoblin and a bat.

Vanquished Creatures
  A dart slug (D:2)
  An orc (D:3)
  A goblin (D:1)
  2 bats
  A rat (D:1)
6 creatures vanquished.

Notes
Turn   | Place    | Note
-------+----------+-------------------------------------------
     0 | D:1      | Iko the Ghoul Wizard began the quest for the Orb.
     0 | D:1      | Reached XP level 1. HP: 14/14 MP: 3/3
   101 | D:2      | Reached skill level 3 in Spellcasting
   164 | D:3      | Reached skill level 1 in Conjurations
   164 | D:3      | Reached XP level 2. HP: 14/20 MP: 0/5
   197 | D:3      | HP: 1/20 [orc/hand axe (2)]
   197 | D:3      | Slain by an orc

Skill      XL: |  1 |
---------------+----+-----
Spellcasting   | 3 |  3.1
Conjurations   | 1 |  1.0
Dodging        | |  1.7
Stealth        | |  2.1
Summonings     | |  0.8
Translocations | |  0.8

Action                   || total
-------------------------++-------
Melee: Dagger            ||    37
       Unarmed           ||     5
 Cast: Magic Dart        ||     7
  Use: Potion            ||     1
Armor: Ring mail         ||    45
Dodge: Dodged            ||    54
